 Dungeon Crawl Stone Soup version 0.18.1-48-g4cf74bf (webtiles) character file.

105 grulito the Chopper (level 4, 0/28 HPs)
             Began as a Gargoyle Fighter on June 30, 2016.
             Was an Initiate of Qazlal.
             Slain by an orc
             ... wielding a +0 war axe
              (5 damage)
             ... on level 3 of the Dungeon.
             The game lasted 00:05:42 (1684 turns).

grulito the Chopper (Gargoyle Fighter)              Turns: 1684, Time: 00:05:42

Health: 0/28       AC: 10    Str: 20    XL:     4   Next: 81%
Magic:  4/4        EV:  7    Int:  9    God:    Qazlal [......]
Gold:   112        SH:  9    Dex:  9    Spells: 0 memorised, 3 levels left

rFire  . . .     SeeInvis .     a - +0 war axe
rCold  . . .     Gourm    .     b - +0 scale mail
rNeg   + . .     Faith    .     c - +0 shield
rPois  ∞         Spirit   .     (no helmet)
rElec  +         Dismiss  .     (no cloak)
rCorr  .         Reflect  .     (no gloves)
SustAt .         Harm     .     (no boots)
MR     .....                    (no amulet)
Stlth  ..........               (no ring)
                                (no ring)

@: not resistant to hostile enchantments, extremely unstealthy
A: negative energy resistance 1, electricity resistance, unbreathing,
petrification resistance, rot immunity, AC +3
a: Renounce Religion


You were on level 3 of the Dungeon.
You worshipped Qazlal.
Qazlal was noncommittal.
You were not hungry.

You visited 1 branch of the dungeon, and saw 3 of its levels.

You collected 112 gold pieces.

Inventory:

Hand Weapons
 a - a +0 war axe (weapon)
Armour
 b - a +0 scale mail (worn)
 c - a +0 shield (worn)
 i - a +1 pair of boots
Jewellery
 o - an uncursed ring of magical power {unknown}
Scrolls
 e - 2 scrolls of remove curse {unknown}
 l - 2 scrolls of enchant armour {unknown}
 m - 3 scrolls of identify {unknown}
 n - a scroll of enchant weapon {unknown}
 p - a scroll of immolation {unknown}
 r - a scroll of random uselessness {unknown}
Potions
 d - a potion of might
 j - a potion of curing {unknown}
 k - a potion of flight {unknown}
 q - a potion of cure mutation {unknown}
Comestibles
 f - 2 bread rations
 g - 2 meat rations
 h - 2 beef jerkies


   Skills:
 - Level 3.2 Fighting
 * Level 4.2 Axes
 - Level 3.3 Armour
 - Level 3.4 Shields


You had 3 spell levels left.
You didn't know any spells.

Dungeon Overview and Level Annotations

Branches:
Dungeon (3/15)

Altars:
Makhleb
Qazlal
Xom
The Shining One


Innate Abilities, Weirdness & Mutations

You are resistant to torment.
Your stone body is resilient (AC +3).
You are immune to poison.
You resist negative energy.
You are resistant to electric shocks.
You can survive without breathing.
You are immune to petrification.
You are immune to rotting.


Message History

The orc is heavily wounded.
The orc hits you but does no damage.
Your shield and scale mail prevent you from hitting the orc.
The orc is heavily wounded.
The orc barely misses you.
Your shield and scale mail prevent you from hitting the orc.
The orc is heavily wounded.
The howler monkey hoots and howls with incredible vigour!
The orc hits you with a war axe.
You barely miss the orc.
The orc is heavily wounded.
You block the orc's attack.
The orc priest casts a cantrip, but nothing happens.
The orc priest casts a cantrip, but nothing happens.
The orc priest invokes the aid of Beogh against you.
Beogh smites you!
Ouch! That really hurt!
* * * LOW HITPOINT WARNING * * *
The orc hits you with a war axe.
You die...

###.†o##### ###o#)#
##....#.# #.o####.####...
#.#####h.....#
#.#...or....##
###.#..o.........
##.............^.>
########..@oo............
#.........####....#####..
#.................... ..
#..............##.....
#....<....###### .....
#.........# .....
#....[....# ....
#..<......# #.........#


You could see a howler monkey, 2 orc priests, an orc wizard, 2 orcs and a rat.

Vanquished Creatures
  Jessica (D:2)
  2 adders (D:2)
  2 worms
  3 dart slugs
  2 giant geckos
  5 giant cockroaches
  6 goblins
  5 hobgoblins
  2 jackals (D:2)
  3 kobolds
  A quokka (D:3)
  2 bats
  3 giant newts
  11 rats
48 creatures vanquished.

Notes
Turn   | Place    | Note
--------------------------------------------------------------
     0 | D:1      | grulito the Gargoyle Fighter began the quest for the Orb.
     0 | D:1      | Reached XP level 1. HP: 14/14 MP: 1/1
    64 | D:1      | Reached skill level 2 in Axes
    72 | D:1      | Reached XP level 2. HP: 19/19 MP: 2/2
   524 | D:1      | You fall through a shaft!
   543 | D:2      | Reached skill level 3 in Axes
   543 | D:2      | Reached XP level 3. HP: 12/23 MP: 3/3
   718 | D:2      | Found a glowing golden altar of the Shining One.
   780 | D:2      | Found a burning altar of Makhleb.
   780 | D:2      | Noticed a balrug
  1180 | D:2      | Reached XP level 4. HP: 28/28 MP: 4/4
  1440 | D:2      | Found a stormy altar of Qazlal.
  1448 | D:2      | Became a worshipper of Qazlal Stormbringer
  1458 | D:2      | Found a shimmering altar of Xom.
  1556 | D:3      | Noticed Jessica
  1572 | D:2      | Killed Jessica
  1572 | D:2      | Reached skill level 4 in Axes
  1684 | D:3      | Slain by an orc

Skill      XL: |  1  2  3  4 |
---------------+-------------+-----
Axes           | 2 3 4 |  4.2
Fighting       | |  3.2
Armour         | |  3.3
Shields        | |  3.4

Action                   |  1- 3 |  4- 6 || total
-------------------------+-------+-------++-------
Melee: War axe           |   130 |    65 ||   195
  Eat: Chunk             |     1 |       ||     1
       Bread ration      |       |     1 ||     1
Armor: Scale mail        |    48 |    39 ||    87
Dodge: Dodged            |    35 |    17 ||    52
Block: Shield            |    63 |    40 ||   103
